 Dungeon Crawl Stone Soup version 0.30-a0-358-g0d69a1922f (webtiles) character file.

Game seed: 6722797513587212505

186 Devinter the Ducker (level 5, 0/40 HPs)
             Began as a Djinni Gladiator on Nov 11, 2022.
             Was a Follower of Uskayaw.
             Slain by a black bear (7 damage)
             ... on level 5 of the Dungeon.
             The game lasted 00:13:16 (1972 turns).

Devinter the Ducker (Djinni Gladiator)              Turns: 1972, Time: 00:13:17

Health: 0/40       AC:  5    Str: 13    XL:     5   Next: 97%
Gold:   113        EV: 13    Int: 12    God:    Uskayaw [*.....] SH:  0 Dex: 14

rFire   + + .      SeeInvis .    l - +1 hand axe (elec)
rCold   x . .      Faith    .    (no shield)
rNeg    . . .      Spirit   .    b - +0 leather armour
rPois   ∞          Reflect  .    n - +1 helmet
rElec   .          Harm     .    (no cloak)
rCorr   .          Rampage  .    (no gloves)
Will    .....                    (boots unavailable)
Stlth   +.........               (no amulet)
HPRegen 0.26/turn                (no ring)
MPRegen 0.00/turn                (no ring)

@: flying
A: sickness immunity, fire resistance 2, cold vulnerability 1, float, innate
caster, HP casting, extra vitality 1
a: Renounce Religion, Stomp


You were on level 5 of the Dungeon.
You worshipped Uskayaw.
Uskayaw was noncommittal.
You visited 1 branch of the dungeon, and saw 4 of its levels.

You collected 113 gold pieces.

Inventory:

Hand Weapons
 a - a +0 quarterstaff
 j - a +1 vampiric short sword
 l - a +1 hand axe of electrocution (weapon)
 m - a +1 dagger of electrocution
Missiles
 d - 3 throwing nets
 e - a javelin
 h - 7 poisoned darts (quivered)
 i - 9 boomerangs
Armour
 b - a +0 leather armour (worn)
 n - a +1 helmet (worn)
Scrolls
 c - a scroll of poison {unknown}
 f - a scroll of enchant weapon {unknown}
 k - a scroll of identify {unknown}
 p - a scroll of magic mapping {unknown}
 q - a scroll of torment {unknown}
 r - a scroll of enchant armour {unknown}
Potions
 g - a potion of mutation {unknown}
 o - a potion of brilliance {unknown}
 s - 2 potions of heal wounds {unknown}
 t - 2 potions of haste {unknown}


   Skills:
 + Level 2.9 Fighting
 + Level 1.0 Axes
 - Level 3.1 Staves
 - Level 2.0 Throwing
 + Level 4.2 Dodging
 + Level 1.4 Spellcasting
 + Level 1.7 Invocations


You had 3 spell levels left.
You knew the following spells:

 Your Spells              Type           Power      Damage    Failure   Level
a - Freeze                Ice            16%        1d4       21%         1
b - Static Discharge      Conj/Air       8%         2-3/arc   30%         2
Your spell library was empty.

Dungeon Overview and Level Annotations

Branches:
Dungeon (3/15)

Altars:
Hepliaklqana
Uskayaw

Shops:
D:3 :


Innate Abilities, Weirdness & Mutations

You are immune to sickness and miasma.
You are immune to poison.
Your flesh is very heat resistant. (rF++)
You are vulnerable to cold. (rC-)
You float through the air rather than walking.
You learn spells naturally, not from books.
Your magical power is your life essence.
You have superior vitality. (+4 MHP)


Message History

You kill the orc!
You hit the black bear but do no damage.
The black bear bites you. The black bear closely misses you.
The black bear claws you but does no damage.
You hit the black bear.
Lightning courses through the black bear!
The black bear is heavily wounded.
The black bear closely misses you.
The black bear claws you but does no damage.
The black bear barely misses you.
You can now pass through a line of other dancers.
Casting: Freeze (safe; 21% risk of failure)
Confirm with . or Enter, or press ? or * to list all spells.
Okay, then.
Aiming: Line Pass
Press: ? - help, Dir - move target The black bear appears confused.
You can no longer pass through a line of other dancers.
You hit the black bear.
The black bear is heavily wounded.
The black bear seems less confused.
The black bear bites you. The black bear claws you. The black bear misses you.
The black bear bites you!
* * * LOW HITPOINT WARNING * * *
The black bear closely misses you. The black bear barely misses you.
You closely miss the black bear.
The black bear is heavily wounded.
The black bear bites you but does no damage.
The black bear barely misses you.
The black bear claws you but does no damage.
You hit the black bear but do no damage.
The black bear is heavily wounded.
The black bear bites you.
* * * LOW HITPOINT WARNING * * *
The black bear claws you.
* * * LOW HITPOINT WARNING * * *
The black bear barely misses you.
You closely miss the black bear.
The black bear is heavily wounded.
The black bear bites you!
You die...

### #### #.. ...
#.## ###..###
#.##........
#.##.#....#
#.........####
######..#
#@.......
#.......#
#)h######
#†#####.###..#
#####.#####......#
#.........######+#
#..##.##..#
#..##.##..#
#..#...#..#
##..#......##


You could see a black bear.

Vanquished Creatures
  An orc priest (D:3)
  An iguana (D:5)
  An orc wizard (D:3)
  Robin (D:2)
  An adder (D:2)
  A worm (D:2)
  2 dart slugs
  5 orcs
  2 endoplasms
  A giant cockroach (D:1)
  18 goblins
  9 hobgoblins
  4 jackals
  5 quokkas
  5 ball pythons
  2 bats (D:2)
  2 frilled lizards
  5 kobolds
  3 rats (D:1)
69 creatures vanquished.

Notes
Turn   | Place    | Note
-------+----------+-------------------------------------------
     0 | D:1      | Devinter the Djinni Gladiator began the quest for the Orb.
     0 | D:1      | Reached XP level 1. HP: 18/18 MP: 0/0
    36 | D:1      | Found a faded altar of an unknown god.
    38 | D:1      | Prayed at the altar of an unknown god.
    38 | D:1      | Became a worshipper of Uskayaw the Reveller
    38 | D:1      | Reached * piety under Uskayaw
   106 | D:1      | Reached ** piety under Uskayaw
   137 | D:1      | Reached XP level 2. HP: 23/23 MP: 0/0
   517 | D:1      | Reached XP level 3. HP: 27/28 MP: 0/0
   517 | D:1      | Learned a level 1 spell: Freeze
   522 | D:1      | Reached *** piety under Uskayaw
   892 | D:2      | Reached skill level 3 in Staves
   892 | D:2      | Reached skill level 2 in Throwing
  1001 | D:2      | Reached XP level 4. HP: 33/34 MP: 0/0
  1156 | D:2      | Noticed Robin
  1177 | D:2      | Killed Robin
  1178 | D:2      | Reached skill level 1 in Invocations
  1182 | D:2      | Reached skill level 1 in Spellcasting
  1454 | D:2      | Found a hazy altar of Hepliaklqana.
  1822 | D:3      | Reached skill level 4 in Dodging
  1822 | D:3      | Reached XP level 5. HP: 35/39 MP: 0/0
  1822 | D:3      | Learned a level 2 spell: Static Discharge
  1882 | D:3      | Found Kiarghubo's Book Boutique.
  1932 | D:3      | You are sucked into a shaft and drop 2 floors!
  1932 | D:5      | Entered Level 5 of the Dungeon
  1950 | D:5      | Reached skill level 1 in Axes
  1960 | D:5      | Noticed a black bear
  1972 | D:5      | Slain by a black bear

Illustrated notes

Levels and vault maps discovered:
D:1:      sevenhm_arrival_forest_fort_small_3, layout_loops_corners,
          chequers_ecumenical_altar_twisty
D:2:      minmay_spotlight, layout_loops_ring, basic_altar, uniq_robin
D:3:      minmay_inner_zag, layout_basic, gammafunk_ghost_arena, serial_shops,
          nicolae_square_shop, hangedman_decor_points, minmay_increasing_density
D:5:      layout_loops_corners, lemuel_coloured_pillars_altar

Skill      XL: |  1  2  3  4  5 |
---------------+----------------+-----
Staves         | 3 |  3.1
Throwing       | 2 |  2.0
Invocations    | 1 |  1.7
Spellcasting   | 1 |  1.4
Dodging        | 4 |  4.2
Axes           | 1 |  1.0
Fighting       | |  2.9

Action                   |  1- 3 |  4- 6 || total
-------------------------+-------+-------++-------
Melee: Quarterstaff      |    95 |    53 ||   148
       Hand axe          |       |    60 ||    60
Throw: Dart              |     2 |       ||     2
 Cast: Freeze            |       |     1 ||     1
Invok: Stomp             |       |     2 ||     2
       Line Pass         |       |     1 ||     1
 Stab: Paralysed         |       |     1 ||     1
Armor: Leather armour    |    20 |    39 ||    59
Dodge: Dodged            |    52 |    88 ||   140

Table legend: (Time is in decaauts)
 A = Elapsed time spent in this place.
 B = Non-inter-level travel time spent in this place.
 C = Inter-level travel time spent in this place.
 D = Time resting spent in this place.
 E = Time spent auto-exploring this place.
 F = Levels seen in this place.
 G = Mean time per level.
                   A        B        C        D        E       F      G
               +--------+--------+--------+--------+--------+-----+--------+
         Total |   2010 |   1982 |     28 |    108 |    519 |   4 |  502.5 |
       Dungeon |   2010 |   1982 |     28 |    108 |    519 |   4 |  502.5 |
               +--------+--------+--------+--------+--------+-----+--------+

Top non-repeatable levels by time:
     D:2: 993 daAuts
     D:1: 837 daAuts
     D:3: 136 daAuts
     D:5: 44 daAuts
